 Dungeon Crawl Stone Soup version 0.25-a0-667-gb977e01cb5 (webtiles) character file.

Game seed: 2343181972638340551, levelgen mode: deterministic

21 DasRunzen the Poker (level 2, 0/24 HPs)
             Began as a Demigod Gladiator on Mar 27, 2020.
             Succumbed to an adder's poison
             ... on level 2 of the Dungeon.
             The game lasted 00:00:45 (707 turns).

DasRunzen the Poker (Demigod Gladiator)              Turns: 707, Time: 00:00:46

Health: 0/24       AC:  5    Str: 17    XL:     2   Next: 45%
Magic:  5/5        EV: 13    Int: 12    God:
Gold:   13         SH:  0    Dex: 17    Spells: 2/2 levels left

rFire    . . .     SeeInvis .   a - +0 trident
rCold    . . .     Gourm    .   (no shield)
rNeg     . . .     Faith    .   b - +0 leather armour
rPois    .         Spirit   .   c - +1 helmet
rElec    .         Reflect  .   (no cloak)
rCorr    .         Harm     .   (no gloves)
MR       .....                  (no boots)
Stlth    +.........             (no amulet)
HPRegen  0.08/turn              (no ring)
MPRegen  0.09/turn              (no ring)

@: lethally poisoned (0 -> -5)
A: high mp 1
a: no special abilities


You were on level 2 of the Dungeon.
You were not hungry.

You visited 1 branch of the dungeon, and saw 2 of its levels.

You collected 13 gold pieces.

Inventory:

Hand Weapons
 a - a +0 trident (weapon)
Missiles
 d - 3 throwing nets (quivered)
Armour
 b - a +0 leather armour (worn)
 c - a +1 helmet (worn)
Scrolls
 g - a scroll of magic mapping {unknown}
Potions
 e - a potion of curing
 i - a potion of mutation {unknown}
 k - a potion of haste {unknown}
Comestibles
 f - 3 rations


   Skills:
 + Level 2.0 Fighting
 + Level 2.9 Polearms
 - Level 1.7 Throwing
 + Level 0.6 Armour
 + Level 2.9 Dodging
 + Level 0.5 Spellcasting


You had 2 spell levels left.
You didn't know any spells.
Your spell library was empty.

Dungeon Overview and Level Annotations

Branches:
Dungeon (2/15)


Innate Abilities, Weirdness & Mutations

You have an increased reservoir of magic. (+10% MP)


Message History

You closely miss the adder.
The adder is moderately wounded.
The adder barely misses you.
You miss the adder.
The adder is moderately wounded.
The adder bites you.
* * * LOW HITPOINT WARNING * * *
You closely miss the adder.
The adder is moderately wounded.
The adder bites you.
* * * LOW HITPOINT WARNING * * *
You are lethally poisoned!
The adder poisons you! The adder bites you but does no damage.
You miss the adder.
The adder is moderately wounded.
* * * LOW HITPOINT WARNING * * *
You feel sick. The adder misses you.
You hit the adder.
The adder is severely wounded.
You die...

K. #. #. #. ##### #. #...#
#. ###...###
#..###.###########.......#
#.......S@.....##........#
....%..#######............
#.####. ####.##...### #.
#.##.).# # #. #.###.## #
.. #.# #.# # #. #.# #.# #
#. #.# #.# # #.# #.# #


You could see an adder.

Vanquished Creatures
  An adder (D:2)
  A bat (D:2)
  A giant cockroach (D:1)
  3 goblins
  2 hobgoblins (D:1)
  A frilled lizard (D:1)
  2 rats (D:1)
11 creatures vanquished.

Notes
Turn   | Place    | Note
-------+----------+-------------------------------------------
     0 | D:1      | DasRunzen the Demigod Gladiator began the quest for the
                  | Orb.
     0 | D:1      | Reached XP level 1. HP: 17/17 MP: 3/3
   656 | D:2      | Reached XP level 2. HP: 24/24 MP: 4/4
   706 | D:2      | HP: 1/24 [poisoned by an adder]
   707 | D:2      | Succumbed to an adder's poison

Levels and vault maps discovered:
D:1:      dpeg_arrival_yet_another_circle, layout_loops_ring
D:2:      layout_loops_ring, nicolae_ru_awakened_eye, first_ration,
          kennysheep_generic_room_14

Skill      XL: |  1  2 |
---------------+-------+-----
Fighting       | 2 |  2.0
Polearms       | |  2.9
Throwing       | |  1.7
Armour         | |  0.6
Dodging        | |  2.9
Spellcasting   | |  0.5

Action                   || total
-------------------------++-------
Melee: Trident           ||    50
  Use: Scroll            ||     3
Armor: Leather armour    ||    17
Dodge: Dodged            ||    26

Table legend:
 A = Non-vault XP
 B = Vault XP
 C = Vault XP percentage of total XP
 D = Non-vault monster count
 E = Vault monster count
 F = Vault count percentage of total count
                 A         B        C        D         E       F
            +---------+---------+-------+---------+---------+-------
      Total |      30 |       0 |   0.0 |      11 |       0 |   0.0
            +---------+---------+-------+---------+---------+-------
        D:1 |      13 |       0 |   0.0 |       8 |       0 |   0.0
        D:2 |      17 |       0 |   0.0 |       3 |       0 |   0.0
            +---------+---------+-------+---------+---------+-------
